AoeStats
← janos.zachow

Arena

509588894Analyzed
2v2 RM · 5d ago on Sep 27, 2026· 25m 59s· 4 players
Game mode
Random Map
Map size
Medium (4 player)
Population
200
Speed
Normal
Resources
Standard
Victory
Conquest
Starting age
Dark Age
Ending age
Imperial Age
RankedLock teamsTeams togetherTeam positionsShared explorationLock speedFull tech treeHidden civsTurbo modeCheats
Victory
Defeat
🇩🇪 Danes · Germany
1118
+13
🇩🇪 Saracens · Germany
1096
+14
🇪🇸 Malay · Spain
1088
-14
🇫🇷 Tatars · France
1027
-13
atobar1990
10:45 Feudal Age
9:28 Loom
17:37 Castle Age
16:42 Double-Bit Axe
16:39 Horse Collar
sarfaoui4
11:32 Feudal Age
12:21 Loom
15:22 Castle Age
13:34 Double-Bit Axe
18:31 Horse Collar
21:26 Wheelbarrow
21:08 Heavy Plow
23:08 Forging
24:02 Scale Barding Armor
25:37 Bloodlines
janos.zachow
10:21 Feudal Age
14:43 Castle Age
13:57 Double-Bit Axe
14:57 Horse Collar
15:05 Loom
15:31 Crossbowman
23:28 Ballistics
22:58 Town Watch
Delirio
10:38 Feudal Age
14:52 Castle Age
12:43 Double-Bit Axe
13:43 Horse Collar
13:56 Loom
14:47 Wheelbarrow
16:12 Bow Saw
20:39 Redemption
23:23 Arson
25:49 Squires
26:37 Scale Mail Armor
26:47 Forging
Connection lost

Rejoining the realm…

Still unreachable

The connection could not be restored.

Session expired

The server has moved on; the page needs a fresh start.